 Dungeon Crawl Stone Soup version 0.32-a0-450-g080537f31e (webtiles) character file.

Game seed: 8013857679869433151

105 Dittersdorf the Shield-Bearer (level 4, -4/29 HPs)
             Began as a Gargoyle Fighter on Feb 23, 2024.
             Slain by a ribbon worm (5 damage)
             ... on level 3 of the Dungeon.
             The game lasted 00:01:46 (1911 turns).

Dittersdorf the Shield-Bearer (Gargoyle Fighter)    Turns: 1911, Time: 00:01:47

Health: -4/29      AC: 10    Str: 22    XL:     4   Next: 81%
Magic:  4/4        EV: 14    Int:  8    God:
Gold:   62         SH:  5    Dex:  9    Spells: 3/3 levels left

rFire   . . .        a - +0 flail
rCold   . . .        c - +1 buckler
rNeg    + . .        b - +0 scale mail
rPois   ∞            (no helmet)
rElec   +            m - scarf {+Inv}
rCorr   .            (no gloves)
SInv    .            (no boots)
Will    +....        (no amulet) Stlth
                     i - ring of willpower
HPRegen 0.24/turn    n - +5 ring of evasion
MPRegen 0.09/turn

%: no passive effects
@: no status effects
A: sickness immunity, AC +3, negative energy resistance 1, electricity
resistance, torment resistance 1, petrification resistance
a: Evoke Invisibility


You were on level 3 of the Dungeon.
You visited 1 branch of the dungeon, and saw 3 of its levels.

You collected 62 gold pieces.

Inventory:

Hand Weapons
 a - a +0 flail (weapon)
Armour
 b - a +0 scale mail (worn)
 c - a +1 buckler (worn)
 m - a scarf of invisibility (worn)
Jewellery
 i - a ring of willpower (left hand)
 n - a +5 ring of evasion (right hand)
Wands
 h - a wand of mindburst (22)
 j - a wand of flame (27)
Scrolls
 e - 2 scrolls of acquirement {unknown}
 f - a scroll of noise {unknown}
 g - a scroll of identify {unknown}
 q - a scroll of vulnerability {unknown}
Potions
 d - 2 potions of might
 k - a potion of haste {unknown}
 l - a potion of heal wounds {unknown}
 o - a potion of curing {unknown}
 p - a potion of enlightenment {unknown}


   Skills:
 + Level 4.1 Fighting
 + Level 3.0 Maces & Flails
 + Level 4.0 Armour
 + Level 4.1 Shields


You had 3 spell levels left.
You didn't know any spells.
Your spell library contained the following spells:

 Spells                   Type           Power      Damage    Failure   Level
 Apportation              Tloc           0%         N/A       80%         1
 Freeze                   Ice            0%         1d3       80%         1
 Necrotise                Necr           0%         1d4       80%         1
 Sting                    Conj/Alch      0%         1d3       80%         1
 Summon Small Mammal      Summ           0%         N/A       80%         1
 Frozen Ramparts          Ice            0%         1d1       99%         3
 Hailstorm                Conj/Ice       0%         3d5       99%         3
 Anguish                  Hex/Necr       0%         N/A       100%        4
 Animate Dead             Necr           0%         N/A       100%        4
 Cause Fear               Hex            0%         N/A       100%        4
 Borgnjor's Vile Clutch   Necr/Erth      0%         N/A       100%        5
 Death Channel            Necr           0%         N/A       100%        6
 Enfeeble                 Hex            0%         N/A       100%        7


Dungeon Overview and Level Annotations

Branches:
Dungeon (3/15)

Altars:


Innate Abilities, Weirdness & Mutations

You are immune to sickness and miasma.
Your stone body is resilient. (AC +3)
You are immune to poison.
You resist negative energy. (rN+)
You are resistant to electric shocks. (rElec)
You are resistant to unholy torment.
You are immune to petrification.


Message History

You are too injured to fight recklessly!
You are too injured to fight recklessly!
You are too injured to fight recklessly!
You are too injured to fight recklessly!
You are too injured to fight recklessly!
You are too injured to fight recklessly!
You are too injured to fight recklessly!
You sock the gnoll!
You kill the gnoll!
Your Maces & Flails skill increases to level 3!
You hit the ribbon worm but do no damage.
The ribbon worm barely misses you. The gnoll barely misses you.
You barely miss the ribbon worm. You block the gnoll's attack.
The ribbon worm bites you but does no damage.
You hit the ribbon worm.
The ribbon worm is lightly wounded.
The gnoll closely misses you. The ribbon worm closely misses you.
You sock the ribbon worm!
The ribbon worm is heavily wounded.
You block the gnoll's attack.
The ribbon worm expels a string of sticky webbing.
The stream of webbing hits you but does no damage.
You are caught in a web!
The gnoll completely misses you.
The web tears apart.
The ribbon worm misses you.
The gnoll hits you from afar with a +0 spear.
* * * LOW HITPOINT WARNING * * *
You hit the ribbon worm.
The ribbon worm is heavily wounded.
You hear the slow rusting of a distant drain.
The gnoll closely misses you. The ribbon worm misses you.
You hit the ribbon worm.
The ribbon worm is severely wounded.
The gnoll hits you but does no damage. The ribbon worm bites you.
* * * LOW HITPOINT WARNING * * *
You hit the ribbon worm but do no damage.
The ribbon worm is severely wounded.
The gnoll hits you from afar with a +0 spear.
* * * LOW HITPOINT WARNING * * *
The ribbon worm bites you.
You die...

,*,* *,,,,,,,,,,* #.....#********
**+***,,,,,,,,,,* #.....+,,,,,,,,
*,,,**,.,,,,,,,,* #.....#********
*,,,**,..,,,,,,,* #.#..## *
*,,,**,...,,,,,,* #.#..#*********
,,,,**,....,,,,,* #.#....,,,,,,**
,,,****#....,**** #.#.########.**
,,,***,..r...######.#..........,*
,,***+,.......gw@....†..†......,,
,** **,......######............,,
** *,.....,,,..........######** *
*,....,,,...........# **
*,...,,,............#******* ,*
*,##*+*,..!...........,,,,,, ,*
*,* *,*,.......########***** ,*
*,* *,*,#+###### ,** *,* *,*,*,*
********** *


You could see a ribbon worm, a gnoll and a quokka (wandering).

Vanquished Creatures
  3 gnolls (D:3)
  2 adders (D:3)
  A ribbon worm (D:2)
  3 dart slugs
  3 endoplasms
  2 giant cockroaches (D:1)
  5 goblins
  8 hobgoblins
  4 jackals (D:1)
  5 ball pythons
  A bat (D:2)
  3 frilled lizards
  4 kobolds (D:1)
  3 rats
47 creatures vanquished.

Notes
Turn   | Place    | Note
-------+----------+-------------------------------------------
     0 | D:1      | Dittersdorf the Gargoyle Fighter began the quest for the
                  | Orb.
     0 | D:1      | Reached XP level 1. HP: 14/14 MP: 1/1
   164 | D:1      | Reached XP level 2. HP: 19/19 MP: 2/2
   380 | D:1      | Reached XP level 3. HP: 20/23 MP: 3/3
   464 | D:1      | Found a faded altar of an unknown god.
  1804 | D:3      | Reached XP level 4. HP: 29/29 MP: 4/4
  1911 | D:3      | HP: 1/29 [gnoll/+0 spear (4)]
  1911 | D:3      | Slain by a ribbon worm

Illustrated notes

Levels and vault maps discovered:
D:1:      lightli_arrival_farm, layout_basic,
          ebering_ecumenical_altar_abandoned, minmay_indecisive_spiral
D:2:      layout_loops_ring
D:3:      layout_basic, mainiacjoe_sewer_entry_somewhere_in_here_2,
          lightli_corner_chamber

Skill      XL: |  1  2  3  4 |
---------------+-------------+-----
Shields        | 4 |  4.1
Fighting       | 4 |  4.1
Armour         | 4 |  4.0
Maces & Flails | 3 |  3.0

Action                     |  1- 3 |  4- 6 || total
---------------------------+-------+-------++-------
  Melee: Flail             |   131 |    30 ||   161
    Use: Scroll            |     3 |       ||     3
 Armour: Scale mail        |    85 |    17 ||   102
  Dodge: Dodged            |    65 |    29 ||    94
  Block: Buckler           |    20 |     8 ||    28

Table legend: (Time is in decaauts)
 A = Elapsed time spent in this place.
 B = Non-inter-level travel time spent in this place.
 C = Inter-level travel time spent in this place.
 D = Time resting spent in this place.
 E = Time spent auto-exploring this place.
 F = Levels seen in this place.
 G = Mean time per level.
                   A        B        C        D        E       F      G
               +--------+--------+--------+--------+--------+-----+--------+
         Total |   1979 |   1831 |    148 |      0 |   1395 |   3 |  659.7 |
       Dungeon |   1979 |   1831 |    148 |      0 |   1395 |   3 |  659.7 |
               +--------+--------+--------+--------+--------+-----+--------+

Top non-repeatable levels by time:
     D:1: 984 daAuts
     D:2: 841 daAuts
     D:3: 152 daAuts
